Unix NetHack Version 5.0.0-0 post-release - last build Jun 10 2026 00:39:30 (3ee93aec679c4c4259841fe613dc97188e26a321,branch:main).

Game began 2026-06-29 22:09:25, ended 2026-06-29 23:57:11.

IanCurtis, chaotic male elven Wizard

                   |
                  .|
                  .--
       -----      ..
      --.|.----  ..|
      |.......|--..
      |.......-|..
----    -......|.|
|..|     -.....*.|
|.)---  --......--
|f.@.| --....%..|
----d---..---..--
   |.d|..-- -.--
   |..<.--  ..|
   --...-   ---
    |....
    ----..-
        ---

IanCurtis the Thaumaturge  St:15 Dx:13 Co:14 In:16 Wi:14 Ch:11  Chaotic
Dlvl:8  $:70 HP:0(47) Pw:3(87) AC:9  Xp:6 T:2080 

Latest messages:
 You hear crashing rock.
 There is a dwarf corpse here; eat it? [ynq] (n) y
 This dwarf corpse is gamey.
 You finish eating the dwarf corpse.
 You hit the gnomish wizard.
 The gnomish wizard points all around, then curses.
 The gnome king wields a thonged club!
 The gnome king secures the tether on the thonged club.
 The thonged club welds itself to the gnome king's hand!
 You hit the gnomish wizard!
 The gnomish wizard escapes upstairs!
 The dwarf picks up a pair of hard shoes.
 In what direction? n
 The spell hits the dwarf!
 You kill the dwarf!
 Your kitten eats a dwarf corpse.
 You stop searching.
 In what direction? l
 The spell hits the gnome king!
 The gnome king resists!
 You hit the gnome king.
 The gnome king swings his thonged club.
 The gnome king hits!
 In what direction? l
 The spell hits the gnome king!
 The gnome king swings his thonged club.
 The gnome king hits!
 You don't have enough energy to cast that spell.
 You kill the gnome king!
 Your kitten steps reluctantly onto 3 daggers.
 There are several objects here.
 J - a tin.
 K - a tin.
 You stop searching.
 Your kitten steps reluctantly onto 3 daggers.
 What do you want to put on? [evB or ?*] e
 Which ring-finger, Right or Left? [rl] r
 e - an uncursed +4 ring of gain strength (on right hand).
 You miss the wolf.
 The wolf bites!
 You hit the wolf!
 The wolf bites!
 You hit the wolf.
 The wolf bites!
 In what direction? n
 The spell hits the wolf!
 The spell hits the wolf!
 The wolf bites!
 You die...
 Do you want your possessions identified? [ynq] (y) q

Inventory:
 Coins    ('$')
  $ - 70 gold pieces
 Amulets  ('"')
  v - a cursed amulet of change
 Weapons  (')')
  x - 13 +0 arrows
  a - a blessed +1 quarterstaff (weapon in hands)
 Armor    ('[')
  b - an uncursed +0 cloak of magic resistance (being worn)
  H - an uncursed +0 cloak of magic resistance
  D - a cursed -1 robe
 Comestibles  ('%')
  E - an uncursed food ration
  o - 2 cursed food rations
  s - an uncursed lembas wafer
  n - 2 uncursed tripe rations
  J - a blessed tin of szechuan hobbit meat
  K - an uncursed tin of szechuan werewolf meat
 Scrolls  ('?')
  i - an uncursed scroll of charging
  r - a blessed scroll of enchant weapon
  h - 2 uncursed scrolls of identify
  I - an uncursed scroll of magic mapping
 Spellbooks  ('+')
  j - a blessed spellbook of force bolt
  z - an uncursed spellbook of knock
 Potions  ('!')
  f - 4 uncursed potions of healing
  g - 2 uncursed potions of levitation
  q - an uncursed potion of object detection
  w - a cursed potion of see invisible
 Rings    ('=')
  e - an uncursed +4 ring of gain strength (on right hand)
  B - an uncursed ring of polymorph control
 Wands    ('/')
  c - a wand of light (0:15)
  y - a wand of make invisible (0:8)
 Tools    ('(')
  u - a bag of tricks (0:16)
  m - an uncursed leather drum
  G - a magic marker (0:20)
  l - a magic marker (0:19)
  d - a +0 pick-axe
  k - an uncursed skeleton key
  A - a blessed tallow candle

IanCurtis the Wizard's attributes:

Background:
 You were a Thaumaturge, a level 6 male elven Wizard.
 You were chaotic, nominally on a mission for Anhur
 who was opposed by Ptah (lawful) and Thoth (neutral).
 You were right-handed.
 You were in the Gnomish Mines, on level 8.
 You entered the dungeon 2080 turns ago.
 It was nighttime.
 There was a full moon in effect when your adventure ended.
 You had 551 experience points, 89 more were needed to attain level 7.

Basics:
 You had 0 out of 47 hit points.
 You had 3 out of 87 energy points (spell power).
 Your armor class was 9.
 Your wallet contained 70 zorkmids.
 Autopickup was off.

Final Characteristics:
 Your strength was 15 (base:11, limit:18).
 Your dexterity was 13 (limit:18).
 Your constitution was 14 (limit:16).
 Your intelligence was 16 (limit:20).
 Your wisdom was 14 (limit:20).
 Your charisma was 11 (limit:18).

Final Status:
 You weren't hungry.
 You were unencumbered.
 You were wielding a quarterstaff.
 You had basic skill with quarterstaff.

Final Attributes:
 You were piously aligned.
 You were magic-protected.
 You were sleep resistant.
 You had infravision.
 You were warded.
 You were lucky.
 You are dead.

Miscellaneous:
 You encountered 1 bones level.
 Total elapsed playing time was 13 minutes and 49 seconds.

Major events:
 Turn
    1: IanCurtis the chaotic male elven Wizard entered the dungeon
  512: entered the Gnomish Mines
  533: attained the rank of Conjurer (level 3)
 1884: attained the rank of Thaumaturge (level 6)
 1901: reached Mine Town
 2080: killed by a wolf

Spells:
 Name                 Level Category     Fail Retention
 force bolt             1   attack         0%   81%-90%
 knock                  1   matter         0%  76%-100%

Skills:
 Fighting Skills
   bare handed combat [Unskilled]
   riding             [Unskilled]
 Weapon Skills
   dagger             [Unskilled]
   knife              [Unskilled]
   axe                [Unskilled]
   short sword        [Unskilled]
   club               [Unskilled]
   mace               [Unskilled]
   quarterstaff       [Basic]
   polearms           [Unskilled]
   spear              [Unskilled]
   trident            [Unskilled]
   sling              [Unskilled]
   dart               [Unskilled]
   shuriken           [Unskilled]
 Spellcasting Skills
   attack spells      [Basic]
   healing spells     [Unskilled]
   divination spells  [Unskilled]
   enchantment spells [Basic]
   clerical spells    [Unskilled]
   escape spells      [Unskilled]
   matter spells      [Unskilled]

Voluntary challenges:
 Character rerolling was not enabled.
 You were an atheist.
 You were illiterate.
 You never genocided any monsters.
 You never polymorphed an object.
 You never changed form.
 You used no wishes.
Achievements:
 You entered the Gnomish Mines.
 You attained the rank of Conjurer.
 You attained the rank of Thaumaturge.
 You entered Minetown.

 The Dungeons of Doom: levels 1 to 3
    Level 1:
       A grave.
    Level 2:
    Level 3:
       A fountain.
       Stairs down to The Gnomish Mines.
 The Gnomish Mines: levels 4 to 8
    Level 4:
    Level 5:
    Level 6:
    Level 7:
       Final resting place for
          kodon-Wiz-Elf-Mal-Cha, killed by a rabid rat.
    Level 8: <- You were here.
       Final resting place for
          you, killed by a wolf.


Vanquished creatures:
  2 gnome rulers
  a blue jelly
  a raven
  2 apes
  a shrieker
  5 gnome leaders
  a kobold mummy
  2 elf zombies
  a ghoul
  7 dwarves
  a rabid rat
  4 monkeys
  2 orc zombies
  a dwarf zombie
  a wererat
  a coyote
  2 hobbits
  a giant rat
  a green mold
 24 gnomes
  2 garter snakes
  2 geckos
  4 grid bugs
  a kobold zombie
  2 newts
72 creatures vanquished.

No species were genocided or became extinct.

Game over:
                       ----------
                      /          \
                     /    REST    \
                    /      IN      \
                   /     PEACE      \
                  /                  \
                  |    IanCurtis     |
                  |      70 Au       |
                  | killed by a wolf |
                  |                  |
                  |                  |
                  |                  |
                  |       2026       |
                 *|     *  *  *      | *
        _________)/\\_//(\/(/\)/\//\/|_)_______

Goodbye IanCurtis the Wizard...

You died in The Gnomish Mines on dungeon level 8 with 2617 points,
and 70 pieces of gold, after 2080 moves.
You were level 6 with a maximum of 47 hit points when you died.

